 Dungeon Crawl Stone Soup version 0.29.0-11-gd7f09526c8 (webtiles) character file.

Game seed: 9638152266624080135

92 Flugkiller the Covered (level 4, -2/41 HPs)
             Began as a Minotaur Fighter on Sept 6, 2022.
             Slain by a scorpion (3 damage)
             ... on level 3 of the Dungeon.
             The game lasted 00:00:48 (2563 turns).

Flugkiller the Covered (Minotaur Fighter)           Turns: 2563, Time: 00:00:49

Health: -2/41      AC:  7    Str: 21    XL:     4   Next: 35%
Magic:  3/3        EV:  9    Int:  5    God:
Gold:   111        SH:  4    Dex: 11    Spells: 3/3 levels left

rFire   . . .      SeeInvis .   a - +0 war axe
rCold   . . .      Faith    .   c - +0 buckler
rNeg    . . .      Spirit   .   b - +0 scale mail
rPois   .          Reflect  .   (helmet restricted)
rElec   .          Harm     .   (no cloak)
rCorr   .          Rampage  .   (no gloves)
Will    .....                   (no boots)
Stlth   ..........              (no amulet)
HPRegen 0.13/turn               (no ring)
MPRegen 0.08/turn               (no ring)

@: lethally poisoned (-2 -> -22)
A: horns 2, retaliatory headbutt
a: no special abilities


You were on level 3 of the Dungeon.
You visited 1 branch of the dungeon, and saw 3 of its levels.

You collected 111 gold pieces.

Inventory:

Hand Weapons
 a - a +0 war axe (weapon)
Armour
 b - a +0 scale mail (worn)
 c - a +0 buckler (worn)
Jewellery
 f - a ring of protection from fire
   (You found it on level 1 of the Dungeon)
 m - a ring of willpower
   (You found it on level 1 of the Dungeon)
 p - an amulet of the acrobat
   (You found it on level 2 of the Dungeon)
Wands
 o - a wand of iceblast (4)
   (You found it on level 2 of the Dungeon)
Scrolls
 e - a scroll of identify {unknown}
 i - a scroll of teleportation {unknown}
 n - a scroll of blinking {unknown}
Potions
 d - a potion of might
 h - a potion of attraction {unknown}
 j - a potion of mutation {unknown}
 k - a potion of resistance {unknown}
 l - a potion of cancellation {unknown}
 q - a potion of degeneration {unknown}
 w - a potion of heal wounds


   Skills:
 + Level 4.4 Fighting
 * Level 4.3 Axes
 + Level 4.4 Armour
 - Level 3.6 Shields


You had 3 spell levels left.
You didn't know any spells.
Your spell library was empty.

Dungeon Overview and Level Annotations

Branches:
Dungeon (3/15)

Altars:

Shops:
D:2 (


Innate Abilities, Weirdness & Mutations

You have a pair of horns on your head.
You reflexively headbutt those who attack you in melee.


Message History

No target in view!
No target in view!
No target in view!
No target in view!
There is a large open door here.
There is a fountain of clear blue water here.
Found a club.
There is a fountain of clear blue water here.
There is a large open door here.
There is an escape hatch in the floor here.
You see here 4 stones.
You open the door.
There is an open door here.
Done exploring.
Done exploring.
No target in view!
No target in view!
No target in view!
No target in view!
No target in view!
Done exploring.
(D) Dungeon
Where to? (Enter - D:2, ? - help)
There is a stone staircase leading down here.
You climb downwards.
Found a stone staircase leading up.
There is a stone staircase leading up here.
A kobold is nearby!
Unknown command.
A kobold is nearby!
A kobold is nearby!
A kobold is nearby!
The kobold hits you but does no damage.
You hit the kobold.
You kill the kobold!
No target in view!
No target in view!
No target in view!
No target in view!
No target in view!
No target in view!
There is a stone staircase leading up here.
Found a robe.
Found a stone staircase leading down.
Found 8 stones.
g - 2 grey potions (gained 1)
q - an emerald potion No target in view!
No target in view!
No target in view!
No target in view!
A scorpion comes into view.
A scorpion is nearby!
A scorpion is nearby!
You block the scorpion's attack. The scorpion stings you.
You are poisoned.
The scorpion poisons you!
You closely miss the scorpion. Your headbutt misses the scorpion.
You feel very sick. The scorpion stings you.
You are more poisoned.
The scorpion poisons you!
You barely miss the scorpion.
You feel extremely sick.
The scorpion stings you but does no damage.
The scorpion completely misses you.
You slash the scorpion!
The scorpion is heavily wounded.
You feel very sick. You block the scorpion's attack.
You closely miss the scorpion.
You headbutt the scorpion, but do no damage.
The scorpion is heavily wounded.
You feel very sick. The scorpion stings you.
* * * LOW HITPOINT WARNING * * *
The scorpion barely misses you. You furiously retaliate!
You headbutt the scorpion, but do no damage.
Unknown command.
You closely miss the scorpion.
The scorpion is heavily wounded.
* * * LOW HITPOINT WARNING * * *
You feel sick. The scorpion stings you.
* * * LOW HITPOINT WARNING * * *
It was a potion of heal wounds.
You feel much better.
w - a potion of heal wounds You feel sick.
The scorpion closely misses you.
You barely miss the scorpion.
The scorpion is heavily wounded.
You feel sick. The scorpion stings you.
You are lethally poisoned!
The scorpion poisons you! The scorpion stings you.
* * * LOW HITPOINT WARNING * * *
You are more poisoned.
The scorpion poisons you!
You barely miss the scorpion. Your headbutt misses the scorpion.
The scorpion is heavily wounded.
* * * LOW HITPOINT WARNING * * *
You feel extremely sick. The scorpion stings you.
You die...

#. #...#.#.#########
#.######..............#
#.#.....#>#...........#
#.#.##.[..##.#........#
..#.......##..........#
....####.#####........#
....+ ..# +...(....#
....# ##.# #.....$..#
.<..# #.# #..@.....#
....# .# #.s......#
....+ #........# ....#
...######## ....# ###.
....# #. ....< . #.....
. ......


You could see a scorpion.

Vanquished Creatures
  3 adders (D:2)
  3 gnolls (D:2)
  A worm (D:2)
  3 giant cockroaches
  3 hobgoblins
  3 jackals (D:2)
  10 kobolds
  3 ball pythons
  2 bats
  3 frilled lizards
  2 goblins
  4 rats
40 creatures vanquished.

Vanquished Creatures (others)
  8 plants (D:1)
8 creatures vanquished.

Grand Total: 48 creatures vanquished

Notes
Turn   | Place    | Note
-------+----------+-------------------------------------------
     0 | D:1      | Flugkiller the Minotaur Fighter began the quest for the
                  | Orb.
     0 | D:1      | Reached XP level 1. HP: 19/19 MP: 0/0
   482 | D:1      | Reached XP level 2. HP: 19/25 MP: 1/1
  1495 | D:2      | Reached XP level 3. HP: 31/33 MP: 2/2
  1840 | D:2      | Found Foapou's Antique Weapon Shop.
  1909 | D:2      | Found a faded altar of an unknown god.
  2070 | D:2      | Reached XP level 4. HP: 29/40 MP: 3/3
  2552 | D:3      | Noticed a scorpion
  2563 | D:3      | HP: 1/41 [poisoned by a scorpion]
  2563 | D:3      | Slain by a scorpion

Illustrated notes

Levels and vault maps discovered:
D:1:      saegor_arrival_simple_d, layout_loops_corners, lexackson_kobold_supper
D:2:      layout_basic, serial_shops, nicolae_shop_trees,
          dreamdust_ecumenical_altar_statues, kennysheep_cross_room,
          minmay_strange_pillars
D:3:      layout_basic, chequers_serial_rivers_micro_c, bh_walls_and_bars

Skill      XL: |  1  2  3 |
---------------+----------+-----
Axes           | 3 4 |  4.3
Fighting       | 4 |  4.4
Armour         | 4 |  4.4
Shields        | |  3.6

Action                   |  1- 3 |  4- 6 || total
-------------------------+-------+-------++-------
Melee: War axe           |    80 |    14 ||    94
       Headbutt          |     9 |     1 ||    10
  Use: Potion            |       |     1 ||     1
Armor: Scale mail        |    46 |     2 ||    48
Dodge: Dodged            |    41 |     9 ||    50
Block: Buckler           |    20 |     5 ||    25
